 Dungeon Crawl Stone Soup version 0.24-a0-375-g4de66ed (console) character file.

Game seed: 14553756388177774529

21121 swinepaste the Grappler (level 12, -1/97 HPs)
             Began as a Ghoul Monk on May 31, 2019.
             Was an Elder of Yredelemnul.
             Slain by a two-headed ogre
             ... wielding a +0 giant club of flaming
              (20 damage)
             ... in a volcano.
             The game lasted 00:44:19 (12646 turns).

swinepaste the Grappler (Ghoul Monk)               Turns: 12646, Time: 00:44:21

Health: -1/97      AC: 23    Str: 17    XL:     12   Next: 86%
Magic:  11/20      EV: 16    Int:  6    God:    Yredelemnul [****..]
Gold:   701        SH:  5    Dex: 13    Spells: 11/11 levels left

rFire    + . .     SeeInvis .     - Unarmed
rCold    + . .     Gourm    .   M - +0 buckler
rNeg     + + +     Faith    .   w - +8 chain mail of Qanem {+Blink rF+}
rPois    ∞         Spirit   .   R - +2 helmet
rElec    .         Reflect  .   d - +0 cloak
rCorr    .         Harm     .   (no gloves)
MR       .....                  H - +0 pair of boots (curse)
Stlth    ..........             (no amulet)
HPRegen  0.00/turn              E - +5 ring of evasion
MPRegen  0.17/turn              K - +1 ring of evasion (curse)

@: rotting
A: rotting body, claws 1, carnivore, cold resistance 1, negative energy
resistance 3, inhibited regeneration, torment resistance, unbreathing
a: Recall Undead Slaves, Injury Mirror, Animate Dead, Drain Life, Renounce
Religion, Evoke Blink


You were in a volcano.
You worshipped Yredelemnul.
Yredelemnul was greatly pleased with you.
You were not hungry.

You visited 3 branches of the dungeon, and saw 14 of its levels.
You also visited: Ossuary and Volcano.

You collected 701 gold pieces.

Inventory:

Missiles
 T - 3 curare-tipped darts (quivered)
Armour
 a - a +0 robe
 d - a +0 cloak (worn)
 j - a +0 pair of boots
 s - a +0 pair of boots
 w - the +8 chain mail of Qanem (worn) {+Blink rF+}
   (You found it on level 4 of the Dungeon)

   It protects you from fire.
   It lets you blink.
 D - a +0 helmet
 F - a +2 pair of gloves
 H - a cursed +0 pair of boots (worn)
 M - a +0 buckler (worn)
 Q - +0 gold dragon scales
 R - a +2 helmet (worn)
Jewellery
 m - a +3 ring of dexterity
 y - a +1 ring of protection
 A - an uncursed ring of ice
 E - a +5 ring of evasion (left claw)
 K - a cursed +1 ring of evasion (right claw)
 P - an uncursed ring of see invisible
Wands
 f - a wand of random effects (5)
 p - a wand of digging (5)
 t - a wand of iceblast (18)
 L - a wand of paralysis (9)
Scrolls
 h - 2 scrolls of enchant weapon
 k - a scroll of random uselessness
 o - 2 scrolls of amnesia
 u - 6 scrolls of identify
 x - 4 scrolls of teleportation
 B - 5 scrolls of remove curse
 N - a scroll of fear
 S - a scroll of blinking
Potions
 c - 4 potions of mutation
 e - 5 potions of curing
 g - 2 potions of might
 i - 7 potions of heal wounds
 l - 2 potions of ambrosia {unknown}
 n - 4 potions of lignification {unknown}
 q - 2 potions of flight
 r - a potion of magic {unknown}
 v - 2 potions of agility {unknown}
 z - 2 potions of haste {unknown}
 G - 3 potions of brilliance {unknown}
 I - 2 potions of degeneration {unknown}
 O - a potion of resistance
Comestibles
 b - 24 rations


   Skills:
 - Level 6.6 Fighting
 - Level 5.3 Armour
 - Level 6.8 Dodging
 - Level 2.1 Stealth
 - Level 5.2 Shields
 + Level 14.1 Unarmed Combat
 - Level 12.1 Invocations


You had 11 spell levels left.
You didn't know any spells.
Your spell library contained the following spells:

 Spells                   Type           Power        Failure   Level  Hunger
 Metabolic Englaciation   Hex/Ice        #.........   100%        5    ######.
 Bolt of Cold             Conj/Ice       #.........   100%        6    #######
 Freezing Cloud           Conj/Ice/Air   #.........   100%        6    #######
 Ozocubu's Refrigeration  Ice            #.........   100%        6    #######
 Simulacrum               Ice/Necr       #.........   100%        6    #######
 Ice Form                 Ice/Tmut       Unusable     N/A         4    N/A

Dungeon Overview and Level Annotations

Branches:
Dungeon (10/15)            Temple (1/1) D:5            Lair (3/6) D:9
  Swamp: Lair:2-4    Shoals: Lair:2-4     Snake: Lair:2-4    Spider: Lair:2-4
    Orc: D:9-12

Altars:
Ashenzari
Cheibriados
Dithmenos
Elyvilon
Fedhas
Gozag
Hepliaklqana
Kikubaaqudgha
Makhleb
Nemelex Xobeh
Okawaru
Qazlal
Ru
Sif Muna
Trog
Uskayaw
Vehumet
Wu Jian
Xom
Yredelemnul
Zin
The Shining One

Shops:
D:7 *

Annotations:
Lair:3 2 transporters


Innate Abilities, Weirdness & Mutations

Your body is rotting away.
You thrive on raw meat.
You are immune to poison.
You have sharp fingernails.
You are carnivorous and can eat meat at any time.
Your flesh is cold resistant. (rC+)
You are immune to negative energy. (rN+++)
You do not regenerate when monsters are visible.
You are immune to unholy pain and torment.
You can survive without breathing.


Message History

The two-headed ogre barely misses you.
The two-headed ogre hits you with a +0 giant club of flaming.
* * * LOW HITPOINT WARNING * * *
The two-headed ogre burns you.
* * * LOW HITPOINT WARNING * * *
The two-headed ogre closely misses you. The two-headed ogre misses you.
Your chain mail of Qanem prevents you from hitting the two-headed ogre.
The two-headed ogre is moderately wounded.
The two-headed ogre hits you but does no damage.
The two-headed ogre hits you with a +0 giant club of flaming!
* * * LOW HITPOINT WARNING * * *
The two-headed ogre burns you.
* * * LOW HITPOINT WARNING * * *
You draw life from your surroundings.
The two-headed ogre is drained of life.
The two-headed ogre is moderately wounded.
You feel life flooding into your body.
You feel somewhat more hungry. You block the two-headed ogre's attack.
The two-headed ogre hits you with a +0 giant club of flaming!!
You die...
Yredelemnul claims you as an undead slave.

§≈≈§§≈≈.. ≈≈ ≈§§§§§§.# ####### ≈
≈≈≈§§§..# +.....+ § ≈≈≈≈§§§.#
.8π8. § §≈≈≈≈≈..# ... ≈
≈≈≈≈≈≈≈.###++###'# ≈
§≈§≈§≈..#......#)# ≈ .≈§≈≈≈≈.#
#O# ≈..§§≈§.# #n# ≈§§≈≈≈§.# #.#
≈≈§.≈§§.# #.# §≈≈≈.≈..# #.#
≈≈§≈≈...########'#######
≈§≈§≈≈≈........§........
≈§§≈≈≈≈≈.§≈.≈.≈≈≈§.§≈.≈.≈≈≈≈≈≈≈
≈§§≈≈≈§≈.≈≈≈≈≈≈≈§§≈○≈≈§≈≈≈≈§≈≈§§≈
≈≈§≈≈§≈≈≈≈§§≈§≈§§§≈○○§≈≈≈≈≈≈≈≈§§§


You could see a two-headed ogre.

Vanquished Creatures
  An ogre mage (Volcano)
  Fannar (Lair:2)
  3 two-headed ogres
  9 spiny frogs
  A komodo dragon (D:9)
  A hippogriff (D:10)
  Prince Ribbit (D:6)
  8 blink frogs
  Sigmund (D:5)
  A wyvern (Lair:2)
  2 fire bats (Volcano)
  7 yaks
  A hungry ghost (D:8)
  Grum (D:8)
  Menkaure (D:5)
  9 water moccasins
  5 porcupines
  An ice beast (D:6)
  4 orc warriors
  2 sky beasts
  4 black bears
  A phantom (D:5)
  A necrophage (D:5)
  4 ogres
  8 wolves
  8 centaurs
  3 crocodiles (D:9)
  2 big kobolds
  An elf zombie (Ossuary)
  8 bullfrogs
  3 scorpions
  6 killer bees (D:10)
  7 wights
  A howler monkey (D:7)
  An electric eel (Lair:1)
  6 jellies
  3 crimson imps
  4 lava snakes (Volcano)
  A bullfrog skeleton (D:6)
  2 human zombies (Ossuary)
  Crazy Yiuf (D:6)
  3 hounds
  4 orc priests
  6 orc wizards
  5 iguanas
  4 worker ants
  A big kobold zombie (Ossuary)
  2 hound zombies
  2 hound skeletons
  2 mummies (Ossuary)
  9 gnolls
  12 adders
  A shadow imp (D:5)
  4 adder zombies
  An ooze (D:8)
  2 adder skeletons
  2 worms (D:4)
  3 dart slugs
  9 leopard geckos
  30 orcs
  5 bats
  6 giant cockroaches
  6 goblins
  6 hobgoblins
  4 jackals (D:4)
  5 quokkas
  4 ball pythons
  2 frilled lizards
  A goblin skeleton (D:8)
  2 goblin zombies
  10 hobgoblin zombies (Ossuary)
  A jackal skeleton (D:5)
  3 jackal zombies (Ossuary)
  10 kobolds
  2 kobold skeletons (D:8)
  11 kobold zombies
  A leopard gecko zombie (D:6)
  2 orc skeletons (D:8)
  9 orc zombies
  A quokka zombie (D:6)
  8 rats
  A rat zombie (D:6)
337 creatures vanquished.

Vanquished Creatures (collateral kills)
  2 two-headed ogres
  A black mamba (Lair:2)
  3 spiny frogs
  A centaur skeleton (D:10)
  A gargoyle (D:9)
  A komodo dragon (D:9)
  4 blink frogs
  A hippogriff (Lair:3)
  7 yaks
  A basilisk (Lair:1)
  3 porcupines
  2 water moccasins
  A black bear (D:9)
  A wolf (Lair:2)
  2 bullfrogs
  A jelly (D:9)
  4 oozes (D:8)
  3 orcs (D:10)
  2 kobolds (D:10)
  11 fungi
  7 plants
59 creatures vanquished.

Vanquished Creatures (others)
  Maurice (D:8)
  A vampire (Lair:3)
  A spiny frog zombie (Lair:2)
  An elf skeleton (Lair:2)
  A spiny frog skeleton (Lair:2)
  A hippogriff skeleton (D:10)
  A wyvern skeleton (Lair:2)
  A wight (D:10)
  A wolf skeleton (D:8)
  A black bear zombie (D:9)
  A bullfrog skeleton (Lair:2)
  A centaur skeleton (D:10)
  A black bear skeleton (D:9)
  An orc wizard (D:10)
  A porcupine skeleton (D:9)
  A killer bee zombie (D:10)
  An ogre zombie (D:10)
  A big kobold skeleton (D:10)
  2 mummies
  An adder (D:8)
  2 iguana skeletons
  A frilled lizard (D:2)
  4 kobold zombies (D:10)
  A leopard gecko zombie (D:7)
  4 orc skeletons
  3 orc zombies (D:10)
  15 fungi
  4 plants
55 creatures vanquished.

Grand Total: 451 creatures vanquished

Notes
Turn   | Place    | Note
-------+----------+-------------------------------------------
     0 | D:1      | swinepaste the Ghoul Monk began the quest for the Orb.
     0 | D:1      | Reached XP level 1. HP: 19/19 MP: 0/0
   330 | D:1      | Reached XP level 2. HP: 15/26 MP: 1/1
   410 | D:1      | Reached skill level 4 in Unarmed Combat
   945 | D:2      | Noticed a centaur
   958 | D:2      | Killed a centaur
   958 | D:2      | Reached skill level 5 in Unarmed Combat
   958 | D:2      | Reached XP level 3. HP: 9/31 MP: 2/2
   958 | D:2      | Reached XP level 4. HP: 11/38 MP: 3/3
  1320 | D:2      | Reached skill level 6 in Unarmed Combat
  1416 | D:2      | Reached XP level 5. HP: 34/44 MP: 4/4
  1570 | D:2      | Found a hazy altar of Hepliaklqana.
  1787 | D:2      | Found a white marble altar of Elyvilon.
  2394 | D:3      | Reached skill level 7 in Unarmed Combat
  2825 | D:3      | Reached XP level 6. HP: 49/51 MP: 5/5
  3404 | D:4      | Found a glowing golden altar of the Shining One.
  3461 | D:4      | Got a smoking chain mail
  3473 | D:4      | Identified the +8 chain mail of Qanem {+Blink rF+} (You
                  | found it on level 4 of the Dungeon)
  3627 | D:4      | Found a stormy altar of Qazlal.
  3679 | D:5      | Entered Level 5 of the Dungeon
  3696 | D:4      | Reached XP level 7. HP: 57/57 MP: 6/6
  3718 | D:5      | Noticed Menkaure
  3809 | D:4      | Reached skill level 1 in Armour
  4094 | D:5      | Noticed Sigmund
  4099 | D:5      | Killed Sigmund
  4099 | D:5      | Reached skill level 5 in Dodging
  4099 | D:5      | Reached XP level 8. HP: 63/63 MP: 7/7
  4106 | D:5      | Found a staircase to the Ecumenical Temple.
  4154 | D:5      | Found a sand-covered staircase.
  4163 | Ossuary  | Entered an ossuary
  4702 | D:5      | Found a sacrificial altar of Ru.
  4735 | D:5      | Reached skill level 5 in Armour
  4805 | D:5      | Found a radiant altar of Vehumet.
  4845 | D:5      | Killed Menkaure
  4865 | D:5      | Reached XP level 9. HP: 65/70 MP: 8/8
  5465 | D:5      | Reached skill level 5 in Fighting
  5882 | D:6      | Noticed Prince Ribbit
  5929 | D:6      | Reached skill level 8 in Unarmed Combat
  5949 | D:6      | Killed Prince Ribbit
  6224 | D:6      | Found an ancient bone altar of Kikubaaqudgha.
  6296 | D:6      | Found a runed translucent door.
  6371 | Temple   | Entered the Ecumenical Temple
  6530 | Temple   | Became a worshipper of Yredelemnul the Dark
  6530 | Temple   | Reached * piety under Yredelemnul
  6530 | Temple   | Reached ** piety under Yredelemnul
  6650 | D:6      | Noticed Crazy Yiuf
  6877 | D:6      | Killed Crazy Yiuf
  6877 | D:6      | Reached skill level 9 in Unarmed Combat
  7068 | D:7      | Reached skill level 1 in Invocations
  7081 | D:7      | Found Gozag's Platinum Reserve.
  7087 | D:7      | Found an opulent altar of Gozag.
  7224 | D:7      | Paralysed by an orc for 7 turns
  7543 | D:8      | Found a sacrificial altar of Ru.
  7606 | D:8      | Reached XP level 10. HP: 84/84 MP: 11/11
  7647 | D:8      | Noticed Maurice
  7676 | D:8      | Killed Maurice
  7676 | D:8      | Reached skill level 10 in Unarmed Combat
  7712 | D:8      | Noticed a two-headed ogre
  7720 | D:8      | Killed a two-headed ogre
  7720 | D:8      | Reached skill level 5 in Invocations
  7750 | D:8      | Noticed Grum
  7759 | D:8      | Killed Grum
  7923 | D:8      | Found a glowing golden altar of the Shining One.
  8034 | D:8      | Reached *** piety under Yredelemnul
  8185 | D:9      | Found a staircase to the Lair.
  8188 | D:9      | Noticed a gargoyle
  8237 | D:9      | Killed a gargoyle
  8249 | D:9      | Reached skill level 11 in Unarmed Combat
  8620 | D:9      | Noticed a two-headed ogre
  8634 | D:9      | Killed a two-headed ogre
  8634 | D:9      | Reached XP level 11. HP: 70/91 MP: 15/15
  8649 | D:9      | Reached skill level 12 in Unarmed Combat
  8841 | D:9      | Identified a scroll of acquirement
  9110 | D:10     | Entered Level 10 of the Dungeon
  9117 | D:10     | Reached skill level 1 in Shields
  9170 | D:10     | Received a gift from Yredelemnul (a wight)
  9304 | D:10     | Found a shattered altar of Ashenzari.
  9454 | D:10     | Reached **** piety under Yredelemnul
  9533 | D:10     | Noticed a two-headed ogre
  9549 | D:10     | Killed a two-headed ogre
  9595 | D:10     | Received a gift from Yredelemnul (a mummy)
  9841 | D:10     | Reached skill level 5 in Shields
 10114 | Lair:1   | Entered Level 1 of the Lair of Beasts
 10253 | D:9      | Received a gift from Yredelemnul (a mummy)
 10452 | Lair:1   | Received a gift from Yredelemnul (a wraith)
 10513 | Lair:1   | Reached skill level 10 in Invocations
 11245 | Lair:2   | Noticed Fannar
 11297 | Lair:2   | Killed Fannar
 11297 | Lair:2   | Reached XP level 12. HP: 51/96 MP: 17/19
 11731 | Lair:2   | Your ally Fannar died
 11880 | Lair:3   | Found a transporter.
 11915 | Lair:3   | Found a transporter.
 11974 | Lair:3   | Received a gift from Yredelemnul (a vampire)
 12102 | Lair:3   | Reached skill level 13 in Unarmed Combat
 12319 | Lair:3   | Found a dark tunnel.
 12331 | Volcano  | Entered a volcano
 12610 | Volcano  | Found a radiant altar of Vehumet.
 12610 | Volcano  | Noticed a two-headed ogre
 12610 | Volcano  | Noticed an ogre mage
 12610 | Volcano  | Noticed a two-headed ogre
 12610 | Volcano  | Noticed a two-headed ogre
 12624 | Volcano  | Killed a two-headed ogre
 12629 | Volcano  | Killed a two-headed ogre
 12638 | Volcano  | Killed an ogre mage
 12638 | Volcano  | Reached skill level 14 in Unarmed Combat
 12646 | Volcano  | Slain by a two-headed ogre

Levels and vault maps discovered:
D:1:      minmay_arrival_widening_spiral_narrow, layout_loops_ring
D:2:      layout_basic, nicolae_overflow_crystal_walls, first_ration,
          elyvilon_altar_4
D:3:      layout_basic
D:4:      layout_loops_ring, kennysheep_mini_moat, grunt_qazlal_clouds
D:5:      wander_river, layout_loops_corners, lemuel_round_altar,
          nicolae_ru_sacrificial_ziggurat, serial_glass, glass_columns_a,
          glass_columns_a, lightli_ossuary_entry_decrepit_ruins,
          grunt_decor_one_mirror, corner_web_ring, uniq_menkaure, uniq_sigmund
D:6:      layout_loops_ring, lemuel_zombie_altar_kikubaaqudgha, st_stairs_3,
          uniq_crazy_yiuf_cottage, uniq_prince_ribbit1
D:7:      layout_rooms, nicolae_gozag_zags_fifth_avenue
D:8:      layout_rooms, basic_altar, hangedman_little_slice_of_home,
          nicolae_tso_besieged_by_evil, uniq_grum, uniq_maurice
D:9:      layout_loops_corners, due_lair_maze_entry_diamond, minmay_between
D:10:     layout_loops_cross, nicolae_ashenzari_panopticon
Temple:   regret_index_temple_waves
Lair:1:   layout_concentric_octagons, serial_bayou_shore_a
Lair:2:   layout_roguey, grunt_megastairs_5, uniq_fannar
Lair:3:   gammafunk_cloud_chamber, layout_regular_city, enter_volcano_2
Volcano:  volcano_lake [vl_original]

Skill      XL: |  1  2  3  4  5  6  7  8  9 10 11 12 |
---------------+-------------------------------------+-----
Unarmed Combat | 5 6 7 9 11 12 14 | 14.1
Dodging        | 3 5 6 |  6.8
Armour         | 3 5 |  5.3
Fighting       | 6 |  6.6
Invocations    | 3 7 10 12 | 12.1
Shields        | 5 |  5.2
Stealth        | |  2.1

Action                   |  1- 3 |  4- 6 |  7- 9 | 10-12 || total
-------------------------+-------+-------+-------+-------++-------
Melee: Unarmed           |    60 |   175 |   581 |   731 ||  1547
       Punch             |       |     2 |    13 |    18 ||    33
Invok: Animate Remains   |       |       |     5 |     3 ||     8
       Animate Dead      |       |       |       |    38 ||    38
       Recall Undead Sla |       |       |       |     4 ||     4
       Drain Life        |       |       |       |     4 ||     4
       Injury Mirror     |       |       |       |     1 ||     1
Evoke: Wand              |       |       |     8 |     5 ||    13
  Use: Scroll            |       |     4 |    11 |     5 ||    20
 Stab: Sleeping          |     3 |     8 |       |       ||    11
       Distracted        |       |       |       |     7 ||     7
  Eat: Chunk             |    13 |    15 |    24 |    43 ||    95
Armor: Robe              |    12 |    27 |       |       ||    39
       Chain mail        |       |     5 |   307 |   310 ||   622
Dodge: Dodged            |    41 |    95 |   271 |   571 ||   978
Block: Buckler           |       |       |       |   115 ||   115

Table legend:
 A = Non-vault XP
 B = Vault XP
 C = Vault XP percentage of total XP
 D = Non-vault monster count
 E = Vault monster count
 F = Vault count percentage of total count
                 A         B        C        D         E       F
            +---------+---------+-------+---------+---------+-------
      Total |   21711 |    8463 |  28.0 |     283 |      98 |  25.7
            +---------+---------+-------+---------+---------+-------
        D:1 |      33 |       0 |   0.0 |      19 |       0 |   0.0
        D:2 |     217 |       2 |   0.9 |      20 |       1 |   4.8
        D:3 |     160 |       0 |   0.0 |      17 |       0 |   0.0
        D:4 |     274 |       0 |   0.0 |      19 |       0 |   0.0
        D:5 |    1476 |     398 |  21.2 |      34 |       2 |   5.6
        D:6 |     637 |     465 |  42.2 |      20 |       5 |  20.0
        D:7 |     533 |       0 |   0.0 |      14 |       0 |   0.0
        D:8 |    1456 |     958 |  39.7 |      12 |      25 |  67.6
        D:9 |    4679 |     976 |  17.3 |      31 |      12 |  27.9
       D:10 |    3199 |       0 |   0.0 |      50 |       0 |   0.0
     Lair:1 |    1381 |       0 |   0.0 |       8 |       0 |   0.0
     Lair:2 |    3211 |    1958 |  37.9 |      17 |       6 |  26.1
     Lair:3 |    4455 |       0 |   0.0 |      22 |       0 |   0.0
    Ossuary |       0 |     283 | 100.0 |       0 |      38 | 100.0
    Volcano |       0 |    3423 | 100.0 |       0 |       9 | 100.0
            +---------+---------+-------+---------+---------+-------
